 Dungeon Crawl Stone Soup version 0.29-a0-914-g906f1d757c (webtiles) character file.

Game seed: 15581685712193475301

26858 kae the Martial Artist (level 13, 0/101 HPs)
             Began as a Demonspawn Monk on July 26, 2022.
             Was a Priest of Ru.
             Slain by a yak (8 damage)
             ... on level 4 of the Lair of Beasts.
             The game lasted 00:17:46 (14172 turns).

kae the Martial Artist (Demonspawn Monk)           Turns: 14172, Time: 00:17:47

Health: 0/101      AC: 12    Str: 12    XL:     13   Next: 1%
Magic:  13/13      EV: 16    Int: 12    God:    Ru [***...]
Gold:   2645       SH:  0    Dex: 20    Spells: 8/12 levels left

rFire   . . .      SeeInvis +     - Unarmed
rCold   . . .      Faith    .   (no shield)
rNeg    . . .      Spirit   .   c - +0 acid dragon scales
rPois   .          Reflect  .   k - +1 helmet
rElec   .          Harm     .   I - +2 cloak {rCorr}
rCorr   +          Rampage  .   (no gloves)
Will    .....                   (no boots)
Stlth   ++........              g - amulet of regeneration
HPRegen 1.06/turn               v - ring of see invisible
MPRegen 0.26/turn               R - ring of resist corrosion

@: unable to read
A: claws 2, spiny 3, magic regeneration, inability to read while threatened 2,
hated by all
a: Renounce Religion, Draw Out Power


You were on level 4 of the Lair of Beasts.
You worshipped Ru.
Ru was most pleased with you.
You visited 3 branches of the dungeon, and saw 15 of its levels.

You collected 2671 gold pieces.
You spent 26 gold pieces at shops.


Innate Abilities, Weirdness & Mutations

You have very sharp fingernails.
You are completely covered in sharp spines.
You regenerate magic rapidly.
You sometimes lose the ability to read scrolls when taking damage.
You are hated by all.


   Skills:
 + Level 9.2 Fighting
 + Level 3.3 Armour
 + Level 8.4 Dodging
 - Level 1.7 Stealth
 * Level 14.8 Unarmed Combat
 - Level 8.2 Ice Magic


You had 8 spell levels left.
You knew the following spells:

 Your Spells              Type           Power      Damage    Failure   Level
a - Freeze                Ice            76%        1d9       1%          1
b - Frozen Ramparts       Ice            38%        1d5       4%          3

Your spell library contained the following spells:

 Spells                   Type           Power      Damage    Failure   Level
 Ensorcelled Hibernation  Hex/Ice        18%        N/A       14%         2
 Blink                    Tloc           0%         N/A       58%         2
 Passwall                 Tmut/Erth      0%         N/A       58%         2
 Hailstorm                Conj/Ice       9%         3d4       65%         4
 Lesser Beckoning         Tloc           0%         N/A       82%         3
 Swiftness                Air            0%         N/A       82%         3
 Manifold Assault         Tloc           0%         N/A       100%        5
 Orb of Destruction       Conj           0%         9d5       100%        7
 Summon Guardian Golem    Hex/Summ       Unusable   N/A       N/A         3
 Spellforged Servitor     Conj/Summ      Unusable   N/A       N/A         7

Inventory:

Hand Weapons
 j - the +9 falchion of Berih {freeze, Will+ Str+3 Stlth-}
   (You found it on level 3 of the Lair of Beasts)

   It freezes those it strikes, dealing additional cold damage.
   It can also slow down cold-blooded creatures.
   Str:       It affects your strength (+3).
   Will:      It increases your willpower.
   Stlth:     It makes you less stealthy.
Missiles
 f - 139 stones (quivered)
 h - 47 poisoned darts
 s - 5 boomerangs
 w - 2 datura-tipped darts
 E - 2 throwing nets {=f!f}
 Q - 2 atropa-tipped darts
Armour
 c - +0 acid dragon scales (worn)
   (You took it off Maggie on level 6 of the Dungeon)
 k - a +1 helmet (worn)
   (You found it on level 2 of the Dungeon)
 I - a +2 cloak of preservation (worn)
   (You acquired it on level 10 of the Dungeon)
Magical Staves
 q - a staff of fire {!a}
   (You took it off a kobold on level 1 of the Dungeon)
 D - a staff of earth {!a}
   (You found it on level 8 of the Dungeon)
 O - a staff of conjuration {!a}
   (You found it on level 1 of the Lair of Beasts)
 P - a staff of earth {!a}
   (You found it on level 2 of the Lair of Beasts)
Jewellery
 g - an amulet of regeneration (around neck)
   (You found it on level 5 of the Dungeon)
 v - a ring of see invisible (left claw)
   (You found it on level 1 of the Dungeon)
 C - a ring of ice
   (You found it on level 7 of the Dungeon)
 N - a ring of positive energy
   (You found it on level 1 of the Dungeon)
 R - a ring of resist corrosion (right claw)
   (You found it on level 2 of the Dungeon)
Wands
 a - a wand of iceblast (9)
   (You found it on level 6 of the Dungeon)
 x - a wand of mindburst (15)
   (You found it on level 1 of the Lair of Beasts)
 A - a wand of acid (10)
   (You found it on level 6 of the Dungeon)
 G - a wand of flame (22)
   (You found it on level 9 of the Dungeon)
Scrolls
 e - a scroll of fog
 i - 3 scrolls of amnesia
 o - 2 scrolls of summoning
 r - a scroll of teleportation {@r4}
 t - a scroll of vulnerability {!r!r}
 u - a scroll of immolation {!r!r}
 y - 2 scrolls of blinking {!r}
 H - a scroll of fear
 L - a scroll of enchant weapon
 M - 2 scrolls of brand weapon
 T - 2 scrolls of identify {@r1}
 U - 2 scrolls of enchant armour
Potions
 b - 3 potions of ambrosia
 d - 10 potions of curing {@q1}
 l - 2 potions of cancellation
 m - a potion of haste {@q3}
 n - a potion of magic
 p - 2 potions of degeneration {!q}
 z - 2 potions of mutation {!q}
 B - a potion of brilliance
 K - a potion of heal wounds {@q2}
Miscellaneous
 S - a phantom mirror
   (You found it on level 2 of the Lair of Beasts)

Dungeon Overview and Level Annotations

Branches:
Dungeon (10/15) Zot: 26045  Temple (1/1) D:4 Zot: 5802    Lair (4/5) D:10 Zot: 20373
 Shoals (0/4) Lair:2       Spider (0/4) Lair:3
  Slime: Lair:4-5       Orc: D:9-12

Altars:
Ashenzari
Cheibriados
Dithmenos
Gozag
Kikubaaqudgha
Makhleb
Nemelex Xobeh
Okawaru
Qazlal
Ru
Sif Muna
Trog
Uskayaw
Vehumet
Wu Jian
Xom

Shops:
D:6 =[*   D:9 (*

Annotations:
D:4 1 runed translucent door, PaleRider's ghost, novice DrFi
D:6 3 runed translucent doors, MoonlitKnight's ghost, novice HOMo; raph's ghost, novice GrFE; wilfster70's ghost, novice GrIE
D:8 3 runed translucent doors, wilfster70's ghost, novice HOFi

##.+#### ##.# #..#
#..# . ##.## +..
#..##### ## ....
####.#.P..##.#.....
.P..........Y.......
..PPP..###.#@#.#...
####..## ####Y......
#P.# #.+.... #..#
#.. .. #..# P.. #.
##.. .


You could see 2 yaks.


Message History

😮 HP[-11]
You take 11 damage, and now have 57/95 hp.
You are too injured to fight recklessly!
You are too injured to fight recklessly!
You are too injured to fight recklessly!
You are too injured to fight recklessly!
You are too injured to fight recklessly!
You are too injured to fight recklessly!
You are too injured to fight recklessly!
You are too injured to fight recklessly!
You claw the yak!
You kill the yak!
You have reached level 13! 😮 HP[+5] MP[+1]
You now have 101 max hp (+6).
You regained 5 hp, and now have 62/101 hp.
Your mp is fully restored (13).
You mangle the basilisk!! 😮 HP[+1]
You scratch the basilisk. The basilisk gazes at you.
You are slowing down.
You barely miss the basilisk. The yak gores you but does no damage.
The basilisk gazes at you.
You easily resist.
Your limbs are stiffening. 😮 HP[+2]
You regained 2 hp, and now have 65/101 hp.
You closely miss the basilisk. Your claw misses the basilisk.
The yak gores you. The yak is struck by your spines. The yak gores you.
The basilisk gazes at you.
You easily resist. 😮 HP[-5]
You take 5 damage, and now have 60/101 hp.
Unknown command.
You closely miss the basilisk. The yak closely misses you.
The yak is struck by your spines. The yak gores you. The basilisk gazes at you.
Your limbs have turned to stone.
You have turned to stone.
The yak is struck by your spines. The yak gores you! x2
* * * LOW HITPOINT WARNING * * *
The basilisk gazes at you.
You easily resist.
The yak is struck by your spines. The yak gores you.
* * * LOW HITPOINT WARNING * * *
The basilisk is struck by your spines. The basilisk bites you!
* * * LOW HITPOINT WARNING * * *
The yak gores you!
* * * LOW HITPOINT WARNING * * *
You can read scrolls again.
The basilisk gazes at you.
You easily resist.
The yak gores you.
* * * LOW HITPOINT WARNING * * *
The yak gores you!
* * * LOW HITPOINT WARNING * * *
The yak gores you!
* * * LOW HITPOINT WARNING * * *
The yak is struck by your spines. The yak gores you.
* * * LOW HITPOINT WARNING * * *
The basilisk bites you.
* * * LOW HITPOINT WARNING * * *
You redirect the yak's attack!
The yak gores itself but does no damage.
You redirect the yak's attack!
The yak gores the yak.
The basilisk bites you.
* * * LOW HITPOINT WARNING * * *
The basilisk is struck by your spines.
You kill the basilisk!
The yak gores you.
* * * LOW HITPOINT WARNING * * *
The yak is struck by your spines. The yak barely misses you.
The yak gores you but does no damage.
The yak is stunned by your conviction and fails to attack.
The yak is struck by your spines. The yak gores you!
* * * LOW HITPOINT WARNING * * *
The yak is stunned by your conviction and fails to attack.
The yak is struck by your spines. The yak gores you.
* * * LOW HITPOINT WARNING * * *
You turn to flesh and can move again.
Unknown command. 😱 HP[-38]
You take 38 damage, and now have 22/101 hp.
MASSIVE DAMAGE!! (PAUSE) Unknown command.
Unknown command.
Unknown command.
You claw the yak! The yak gores you.
* * * LOW HITPOINT WARNING * * *
The yak is struck by your spines. The yak barely misses you.
The yak closely misses you. 😱 HP[-4]
You take 4 damage, and now have 18/101 hp.
Unknown command.
You claw the yak!
You kill the yak!
The yak gores you!
You feel threatened and lose the ability to read scrolls!
* * * LOW HITPOINT WARNING * * *
The yak gores you!
You die...

Skill      XL: |  1  2  3  4  5  6  7  8  9 10 11 12 |
---------------+-------------------------------------+-----
Unarmed Combat | 3 4 6 7 9 10 11 12 13 14 | 14.8
Dodging        | 3 5 6 7 8 |  8.4
Fighting       | 5 6 7 9 |  9.2
Ice Magic      | 2 5 7 8 |  8.2
Armour         | 3 |  3.3
Stealth        | |  1.7

Action                   |  1- 3 |  4- 6 |  7- 9 | 10-12 | 13-15 || total
-------------------------+-------+-------+-------+-------+-------++-------
Melee: Unarmed           |   110 |   103 |   240 |   539 |     7 ||   999
       Punch             |     2 |     3 |    17 |    48 |       ||    70
 Cast: Frozen Ramparts   |       |       |       |     3 |       ||     3
Invok: Sacrifice Words   |       |       |       |     1 |       ||     1
       Draw Out Power    |       |       |       |     1 |       ||     1
       Sacrifice Love    |       |       |       |     1 |       ||     1
Evoke: Wand              |       |       |       |     2 |       ||     2
  Use: Scroll            |     2 |    11 |     8 |     9 |       ||    30
       Potion            |       |       |       |     5 |       ||     5
 Stab: Sleeping          |     2 |     7 |     3 |     8 |       ||    20
       Petrified         |       |       |       |     3 |       ||     3
Armor: Robe              |    20 |    16 |     9 |       |       ||    45
       Ring mail         |       |       |    26 |       |       ||    26
       Acid dragon scale |       |       |    19 |   113 |     2 ||   134
Dodge: Dodged            |    68 |    52 |   119 |   262 |     4 ||   505

Levels and vault maps discovered:
D:1:      minmay_arrival_four_houses, layout_basic
D:2:      layout_basic, shapermc_ecumenical_altar_pompeii, minmay_pentomino_t4
D:3:      layout_rooms, overflow_temple_1_default, uniq_sigmund
D:4:      layout_basic, mainiacjoe_overflow_paths, minmay_temple_entry_waves,
          ebering_ghost_inner_flame, minmay_misc_feat_room,
          minmay_misc_feat_doors
D:5:      layout_basic, corner_web_ring, uniq_edmund, uniq_blork_the_orc
D:6:      layout_basic, serial_shops, shop, nicolae_shop_stone,
          nicolae_stop_n_shop_1, gammafunk_ghost_cemetery, uniq_maggie
D:7:      layout_basic, mainiacjoe_overflow_alcove_4
D:8:      layout_loops_ring, ebering_ghost_rock_garden
D:9:      layout_loops_ring, slow_altar_2, nicolae_elemental_shop,
          doesnt_shop_hydraphobe
D:10:     layout_long_grid, nicolae_qazlal_scattered_showers,
          lemuel_round_altar, david_lair_shrubbed, kennysheep_small_circle,
          uniq_lodul
Temple:   regret_index_temple_sphere_string
Lair:1:   layout_cave_pods, basic_altar, infiniplex_staircase_pool
Lair:2:   layout_layer_cave, minmay_shoals_entry_centaurs, lemuel_fruit_fields,
          lemuel_fruit_tree, lemuel_fruit_fields
Lair:3:   layout_roguey, spider_nest_entry_web_field, serial_bayou_pond_e
Lair:4:   layout_roguey, dpeg_slime_entry_enclosed, uniq_nessos

Notes
Turn   | Place    | Note
-------+----------+-------------------------------------------
     0 | D:1      | kae the Demonspawn Monk began the quest for the Orb.
     0 | D:1      | Reached XP level 1. HP: 18/18 MP: 1/1
     0 | D:1      | magus.rc [v1.11.3]
    85 | D:1      | Reached skill level 3 in Unarmed Combat
   197 | D:1      | Gained mutation: You are partially covered in sharp spines.
                  | [demonic ancestry]
   197 | D:1      | Reached XP level 2. HP: 16/24 MP: 2/2
   569 | D:1      | You fall into a shaft and drop 1 floor!
   612 | D:2      | Gained mutation: You have sharp fingernails. [demonic
                  | ancestry]
   612 | D:2      | Reached XP level 3. HP: 13/29 MP: 3/3
   616 | D:2      | HP: 7/29 [poisoned by an adder]
   825 | D:2      | HP: 7/29 [worm (9)]
   828 | D:2      | Reached skill level 4 in Unarmed Combat
  1238 | D:2      | You pick up a book of Burglary and begin reading...
  1238 | D:2      | You add the spells Passwall, Ensorcelled Hibernation and
                  | Swiftness to your library.
  1712 | D:2      | Found a faded altar of an unknown god.
  1840 | D:1      | Gained mutation: You are mostly covered in sharp spines.
                  | [demonic ancestry]
  1840 | D:1      | Reached XP level 4. HP: 35/35 MP: 4/4
  2267 | D:1      | You pick up a book of Frost and begin reading...
  2267 | D:1      | You add the spells Freeze, Frozen Ramparts and Hailstorm to
                  | your library.
  2487 | D:3      | Noticed Sigmund
  3008 | D:3      | Found an opulent altar of Gozag.
  3011 | D:3      | Reached skill level 5 in Unarmed Combat
  3109 | D:3      | Identified the +0 hand axe of the Crawling Thing {distort,
                  | rN+}
  3150 | D:3      | Killed Sigmund
  3151 | D:3      | Reached skill level 6 in Unarmed Combat
  3151 | D:3      | Reached XP level 5. HP: 22/41 MP: 5/5
  3151 | D:3      | Reached XP level 6. HP: 25/47 MP: 6/6
  3341 | D:4      | Found a staircase to the Ecumenical Temple.
  3751 | D:4      | Found a sparkling altar of Nemelex Xobeh.
  3946 | D:4      | Reached skill level 7 in Unarmed Combat
  4054 | D:4      | Gained mutation: You regenerate magic rapidly. [demonic
                  | ancestry]
  4054 | D:4      | Reached XP level 7. HP: 38/52 MP: 7/7
  4252 | D:4      | Found a runed translucent door.
  4253 | D:4      | Noticed PaleRider's ghost (novice DrFi)
  4328 | D:5      | Entered Level 5 of the Dungeon
  4487 | D:5      | Noticed Edmund
  4488 | D:5      | Noticed Blork the orc
  4513 | D:5      | Killed Edmund
  4514 | D:5      | Reached skill level 8 in Unarmed Combat
  4682 | D:5      | Killed Blork the orc
  4829 | D:5      | Reached skill level 9 in Unarmed Combat
  4829 | D:5      | Reached XP level 8. HP: 56/58 MP: 8/8
  5007 | D:5      | You pick up a book of Dangerous Friends and begin
                  | reading...
  5007 | D:5      | You add the spells Summon Guardian Golem, Orb of
                  | Destruction and Spellforged Servitor to your library.
  5225 | D:6      | Found Xenec's Jewellery Emporium.
  5399 | D:6      | Reached skill level 10 in Unarmed Combat
  5443 | D:6      | HP: 10/57 [wight/+2 great sword (15)]
  5545 | D:6      | Found Qugukufo's Assorted Antiques.
  5554 | D:6      | Bought a green potion for 26 gold pieces
  5563 | D:6      | Found a runed translucent gate.
  5563 | D:6      | Found a runed translucent gate.
  5565 | D:6      | Found a runed translucent gate.
  5566 | D:6      | Noticed MoonlitKnight's ghost (novice HOMo)
  5567 | D:6      | Noticed wilfster70's ghost (novice GrIE)
  5567 | D:6      | Noticed raph's ghost (novice GrFE)
  5572 | D:6      | Found Kuyghau's Armour Boutique.
  5869 | D:6      | Reached skill level 3 in Dodging
  5907 | D:6      | Reached XP level 9. HP: 54/64 MP: 9/9
  5914 | D:6      | Reached skill level 11 in Unarmed Combat
  6021 | D:6      | Noticed Maggie
  6037 | D:6      | Killed Maggie
  6038 | D:6      | Reached skill level 4 in Fighting
  6590 | D:7      | Reached skill level 4 in Dodging
  6848 | D:7      | You pick up a book of Frost and begin reading...
  6918 | D:7      | Reached skill level 5 in Fighting
  7269 | Temple   | Entered the Ecumenical Temple
  7441 | Temple   | Became a worshipper of Ru the Awakened
  7590 | D:7      | Learned a level 1 spell: Freeze
  7594 | D:7      | Learned a level 3 spell: Frozen Ramparts
  7657 | D:8      | Reached skill level 5 in Dodging
  7657 | D:8      | Reached skill level 1 in Ice Magic
  7969 | D:8      | Reached skill level 2 in Ice Magic
  8047 | D:8      | Gained mutation: You have very sharp fingernails. [demonic
                  | ancestry]
  8047 | D:8      | Reached XP level 10. HP: 75/75 MP: 10/10
  8085 | D:8      | HP: 18/76 [poisoned by a gnoll sergeant]
  8090 | D:8      | HP: 15/76 [poisoned by a gnoll sergeant]
  8240 | D:8      | Found a runed translucent gate.
  8241 | D:8      | Noticed wilfster70's ghost (novice HOFi)
  8242 | D:8      | Found a runed translucent gate.
  8242 | D:8      | Found a runed translucent gate.
  8396 | D:9      | Reached skill level 3 in Ice Magic
  8403 | D:9      | Reached skill level 12 in Unarmed Combat
  8408 | D:9      | Reached skill level 6 in Fighting
  8540 | D:9      | You pick up a book of Spatial Translocations and begin
                  | reading...
  8540 | D:9      | You add the spells Blink, Lesser Beckoning and Manifold
                  | Assault to your library.
  8561 | D:9      | Found Xoiruf's Elemental Accessories.
  8568 | D:9      | Noticed a sixfirhy
  8576 | D:9      | HP: 15/76 [hellwing[a kobold demonologist] (11)]
  8584 | D:9      | Found Teledou's Hydra Hut.
  8654 | D:9      | Noticed a five-headed hydra
  8763 | D:9      | Reached skill level 4 in Ice Magic
  9330 | D:9      | Found a snail-covered altar of Cheibriados.
  9476 | D:10     | Entered Level 10 of the Dungeon
  9499 | D:10     | Noticed a two-headed ogre
  9511 | D:10     | Killed a two-headed ogre
  9512 | D:10     | Reached skill level 6 in Dodging
  9603 | D:10     | Reached skill level 5 in Ice Magic
  9621 | D:10     | Reached XP level 11. HP: 79/83 MP: 11/11
  9786 | D:10     | Noticed Lodul
  9811 | D:10     | HP: 11/83 [Lodul/+2 dire flail of protection (21)]
  9882 | D:10     | Identified 3 scrolls of acquirement
  9882 | D:10     | Acquired a +2 cloak of preservation
  9884 | D:10     | Acquired 1071 gold pieces
  9886 | D:10     | Acquired 542 gold pieces
  9923 | D:10     | Found a staircase to the Lair.
 10003 | D:10     | Found a stormy altar of Qazlal.
 10011 | D:10     | Reached skill level 7 in Fighting
 10053 | D:10     | Gained mutation: You occasionally lose the ability to read
                  | scrolls when taking damage. [Ru sacrifice]
 10053 | D:10     | Gained mutation: You sometimes lose the ability to read
                  | scrolls when taking damage. [Ru sacrifice]
 10053 | D:10     | Reached * piety under Ru
 10064 | D:10     | Killed Lodul
 10174 | D:10     | Found an ancient bone altar of Kikubaaqudgha.
 10427 | Lair:1   | Entered Level 1 of the Lair of Beasts
 10432 | Lair:1   | Reached skill level 6 in Ice Magic
 10437 | D:10     | Reached skill level 13 in Unarmed Combat
 10810 | Lair:1   | You fall into a shaft and drop 1 floor!
 11024 | Lair:2   | Reached skill level 7 in Dodging
 11024 | Lair:2   | Reached skill level 7 in Ice Magic
 11072 | Lair:2   | Noticed a catoblepas
 11090 | Lair:2   | HP: 17/85 [catoblepas (14)]
 11095 | Lair:2   | HP: 1/85 [catoblepas (14)]
 11096 | Lair:2   | Killed a catoblepas
 11440 | Lair:2   | Gained mutation: You are completely covered in sharp
                  | spines. [demonic ancestry]
 11440 | Lair:2   | Reached XP level 12. HP: 66/92 MP: 12/12
 11666 | Lair:2   | Found a staircase to the Shoals.
 11676 | Lair:2   | Reached skill level 8 in Fighting
 11730 | Lair:1   | Found a sacrificial altar of Ru.
 12168 | Lair:1   | Gained mutation: You are hated by all. [Ru sacrifice]
 12168 | Lair:1   | Reached ** piety under Ru
 12168 | Lair:1   | Reached *** piety under Ru
 12422 | Lair:2   | Reached skill level 8 in Ice Magic
 12912 | Lair:3   | Reached skill level 14 in Unarmed Combat
 12970 | Lair:3   | Reached skill level 1 in Armour
 13108 | Lair:3   | Reached skill level 2 in Armour
 13108 | Lair:3   | Reached skill level 8 in Dodging
 13154 | Lair:3   | Found a hole to the Spider Nest.
 13161 | Lair:3   | Noticed a death yak
 13162 | Lair:3   | Noticed a death yak
 13163 | Lair:3   | Noticed a death yak
 13164 | Lair:3   | Noticed a death yak
 13164 | Lair:3   | Noticed a death yak
 13165 | Lair:3   | Noticed a death yak
 13291 | Lair:2   | Killed a death yak
 13328 | Lair:2   | Killed a death yak
 13358 | Lair:2   | Killed a death yak
 13374 | Lair:2   | Killed a death yak
 13375 | Lair:2   | Reached skill level 9 in Fighting
 13429 | Lair:2   | HP: 15/90 [death yak (23)]
 13430 | Lair:2   | HP: 4/90 [death yak (12)]
 13442 | Lair:2   | HP: 7/90 [death yak (6)]
 13630 | Lair:3   | Reached skill level 3 in Armour
 13850 | Lair:3   | Identified the +9 falchion of Berih {freeze, Will+ Str+3
                  | Stlth-}
 14104 | Lair:4   | Noticed a seven-headed hydra
 14157 | Lair:4   | Reached XP level 13. HP: 62/101 MP: 13/13
 14170 | Lair:4   | HP: 24/101 [yak (5)]
 14172 | Lair:4   | HP: 8/101 [yak (11)]
 14172 | Lair:4   | Slain by a yak

Vanquished Creatures
  A catoblepas (Lair:2)
  A two-headed ogre (D:10)
  4 death yaks (Lair:2)
  Lodul (D:10)
  7 elephants
  3 black mambas (Lair:3)
  9 cane toads
  Maggie (D:6)
  4 komodo dragons
  4 kobold demonologists
  10 blink frogs
  4 dream sheep (Lair:3)
  Sigmund (D:3)
  7 wyverns
  30 yaks
  2 basilisks
  Edmund (D:5)
  A steam dragon (D:9)
  7 water moccasins
  2 black bears
  2 orc warriors
  2 ice beasts
  8 wolves
  9 ogres
  4 centaurs (Lair:2)
  3 phantoms
  4 kobold brigands
  A gnoll sergeant (D:8)
  Blork the orc (D:5)
  2 scorpions
  7 bullfrogs
  16 wights
  8 killer bees (D:8)
  An electric eel (Lair:1)
  3 howler monkeys
  3 hounds
  2 orc priests
  3 jellies
  An iron imp (D:9)
  A gnoll bouda (D:7)
  3 iguanas
  6 orc wizards
  6 gnolls
  7 adders
  2 shadow imps
  2 white imps
  3 ufetubi
  2 worms (D:2)
  2 dart slugs
  30 orcs
  10 ball pythons
  7 endoplasms
  9 giant cockroaches
  6 goblins
  12 hobgoblins
  6 jackals (D:1)
  23 kobolds
  7 quokkas
  3 bats
  2 frilled lizards
  5 rats
334 creatures vanquished.

Vanquished Creatures (others)
  A wolf (Lair:1)
  7 fungi
  9 plants
17 creatures vanquished.

Grand Total: 351 creatures vanquished

Table legend:
 A = Non-vault XP
 B = Vault XP
 C = Vault XP percentage of total XP
 D = Non-vault monster count
 E = Vault monster count
 F = Vault count percentage of total count
                 A         B        C        D         E       F
            +---------+---------+-------+---------+---------+-------
      Total |   35131 |    3444 |   8.9 |     313 |      22 |   6.6
            +---------+---------+-------+---------+---------+-------
        D:1 |      62 |       0 |   0.0 |      35 |       0 |   0.0
        D:2 |      52 |      17 |  24.6 |      15 |       3 |  16.7
        D:3 |      35 |     223 |  86.4 |      18 |       1 |   5.3
        D:4 |     382 |       0 |   0.0 |      31 |       0 |   0.0
        D:5 |     781 |     271 |  25.8 |      15 |       2 |  11.8
        D:6 |    1340 |     398 |  22.9 |      26 |       1 |   3.7
        D:7 |    1041 |       0 |   0.0 |      18 |       0 |   0.0
        D:8 |    1492 |       0 |   0.0 |      28 |       0 |   0.0
        D:9 |    3035 |      39 |   1.3 |      30 |       1 |   3.2
       D:10 |    3228 |    2075 |  39.1 |      17 |      10 |  37.0
     Lair:1 |    3807 |       0 |   0.0 |      18 |       0 |   0.0
     Lair:2 |   10464 |     421 |   3.9 |      27 |       4 |  12.9
     Lair:3 |    6421 |       0 |   0.0 |      24 |       0 |   0.0
     Lair:4 |    2991 |       0 |   0.0 |      11 |       0 |   0.0
            +---------+---------+-------+---------+---------+-------

Illustrated notes

Table legend:
 A = Kills in this place as a percentage of kills in entire the game.
 B = Kills by you in this place as a percentage of kills by you in the entire game.
 C = Kills by friends in this place as a percentage of kills by friends in the entire game.
 D = Other kills in this place as a percentage of other kills in the entire game.
 E = Experience gained in this place as a percentage of experience gained in the entire game.
 F = Experience gained in this place divided by the number of levels of this place that you have seen.
                   A       B       C       D       E      F
               +-------+-------+-------+-------+-------+----------------------
         Total | 100.0 | 100.0 |   N/A | 100.0 | 100.0 | 2571.7
       Dungeon |  74.9 |  75.1 |   N/A |   0.0 |  37.5 | 1447.1
          Lair |  25.1 |  24.9 |   N/A | 100.0 |  62.5 | 6026.0
               +-------+-------+-------+-------+-------+----------------------

Table legend: (Time is in decaauts)
 A = Elapsed time spent in this place.
 B = Non-inter-level travel time spent in this place.
 C = Inter-level travel time spent in this place.
 D = Time resting spent in this place.
 E = Time spent auto-exploring this place.
 F = Levels seen in this place.
 G = Mean time per level.
                   A        B        C        D        E       F      G
               +--------+--------+--------+--------+--------+-----+--------+
         Total |  13971 |  13063 |    908 |    935 |   9770 |  15 |  931.4 |
       Dungeon |  10147 |   9520 |    627 |    628 |   7238 |  10 | 1014.7 |
        Temple |    197 |    131 |     66 |      0 |    113 |   1 |  197.0 |
          Lair |   3626 |   3412 |    214 |    307 |   2419 |   4 |  906.5 |
               +--------+--------+--------+--------+--------+-----+--------+

Top non-repeatable levels by time:
  Lair:2: 1660 daAuts
     D:2: 1360 daAuts
     D:6: 1340 daAuts
     D:4: 1227 daAuts
     D:1: 1082 daAuts
  Lair:1: 986 daAuts
     D:9: 984 daAuts
    D:10: 954 daAuts
     D:5: 871 daAuts
  Lair:3: 867 daAuts
     D:8: 857 daAuts
     D:3: 804 daAuts
     D:7: 663 daAuts
  Temple: 197 daAuts
  Lair:4: 112 daAuts
